 Dungeon Crawl Stone Soup version 0.29.0-7-g18a832c13a (webtiles) character file.

Game seed: 17927369158756416416

9809 p0werm0de the Fighter (level 11, -1/63 HPs)
             Began as a Gargoyle Chaos Knight on Aug 30, 2022.
             Was a High Priest of Okawaru.
             Slain by a troll (9 damage)
             ... on level 10 of the Dungeon.
             The game lasted 00:07:36 (8076 turns).

p0werm0de the Fighter (Gargoyle Chaos Knight)       Turns: 8076, Time: 00:07:37

Health: -1/63      AC: 29    Str: 24    XL:     11   Next: 52%
Magic:  11/16      EV:  9    Int: 15    God:    Okawaru [*****.]
Gold:   711        SH:  0    Dex:  7    Spells: 9/10 levels left

rFire   . . .      SeeInvis .   a - +4 battleaxe (vamp)
rCold   . . .      Faith    .   (shield currently unavailable)
rNeg    + . .      Spirit   .   j - +0 plate armour
rPois   ∞          Reflect  .   k - +1 hat
rElec   +          Harm     .   g - +0 cloak
rCorr   .          Rampage  .   E - +0 pair of gloves
Will    .....                   o - +0 pair of boots
Stlth   ..........              G - amulet of the acrobat
HPRegen 1.00/turn               l - ring of wizardry
MPRegen 0.15/turn               (no ring)

@: heroic, studying Air Magic
A: sickness immunity, AC +8, negative energy resistance 1, electricity
resistance, torment resistance 1, petrification resistance, horns 1, clever 1,
frail 1, regeneration 1, screaming 1, strong 1, subdued magic 1, MP-powered
wands
a: Renounce Religion, Heroism, Finesse, Duel


You were on level 10 of the Dungeon.
You worshipped Okawaru.
Okawaru was extremely pleased with you.
You visited 2 branches of the dungeon, and saw 11 of its levels.
You also visited: Sewer.

You collected 711 gold pieces.

Inventory:

Hand Weapons
 a - a +4 vampiric battleaxe (weapon)
   (You acquired it on level 3 of the Dungeon)
Armour
 g - a +0 cloak (worn)
   (You found it on level 3 of the Dungeon)
 j - a +0 plate armour (worn)
   (You found it on level 3 of the Dungeon)
 k - a +1 hat (worn)
   (You found it on level 2 of the Dungeon)
 o - a +0 pair of boots (worn)
   (You found it on level 5 of the Dungeon)
 p - a +2 buckler of positive energy
   (You found it on level 2 of the Dungeon)
 E - a +0 pair of gloves (worn)
   (You found it on level 7 of the Dungeon)
Jewellery
 i - a ring of fire
   (You found it on level 8 of the Dungeon)
 l - a ring of wizardry (left hand)
   (You found it on level 3 of the Dungeon)
 G - an amulet of the acrobat (around neck)
   (You found it on level 7 of the Dungeon)
Wands
 v - a wand of light (7)
   (You found it on level 5 of the Dungeon)
 x - a wand of iceblast (9)
   (You took it off Maurice on level 8 of the Dungeon)
Scrolls
 f - 2 scrolls of poison
 h - 3 scrolls of fear
 t - 5 scrolls of teleportation
 z - 2 scrolls of blinking
 A - 3 scrolls of magic mapping
 C - 4 scrolls of immolation
 F - a scroll of enchant armour
 K - a scroll of brand weapon {unknown}
Potions
 b - 3 potions of curing {unknown}
 d - 2 potions of cancellation {unknown}
 e - 6 potions of flight
 n - 4 potions of brilliance {unknown}
 q - a potion of ambrosia {unknown}
 s - a potion of resistance {unknown}
 u - 2 potions of magic {unknown}
 w - 3 potions of heal wounds
 B - a potion of lignification {unknown}
 D - a potion of mutation {unknown}
 H - 2 potions of might {unknown}
 I - a potion of attraction {unknown}
Miscellaneous
 c - a piece from Xom's chessboard (15/15) (quivered)
 J - a box of beasts
   (You found it on level 9 of the Dungeon)


   Skills:
 * Level 9.0(14.0) Fighting
 * Level 7.4(12.4) Axes
 * Level 8.5(13.5) Armour
 - Level 0.7(5.7) Dodging
 * Level 7.9(12.9) Shields
 * Level 6.8 Invocations
 * Level 6.6 Evocations


You had 9 spell levels left.
You knew the following spells:

 Your Spells              Type           Power      Damage    Failure   Level
q - Apportation           Tloc           0%         N/A       61%         1

Your spell library contained the following spells:

 Spells                   Type           Power      Damage    Failure   Level
 Slow                     Hex            0%         N/A       61%         1
 Confusing Touch          Hex            0%         N/A       92%         3
 Frozen Ramparts          Ice            0%         1d1       92%         3
 Gell's Gravitas          Tloc           0%         N/A       92%         3
 Lesser Beckoning         Tloc           0%         N/A       92%         3
 Portal Projectile        Hex/Tloc       0%         N/A       92%         3
 Teleport Other           Tloc           0%         N/A       92%         3
 Vampiric Draining        Necr           0%         2d6       92%         3
 Ice Form                 Ice/Tmut       0%         N/A       100%        4
 Leda's Liquefaction      Hex/Erth       0%         N/A       100%        4
 Passage of Golubria      Tloc           0%         N/A       100%        4
 Alistair's Intoxication  Tmut/Pois      0%         N/A       100%        5
 Freezing Cloud           Conj/Ice/Air   0%         6-21      100%        5
 Yara's Violent Unravell  Hex/Tmut       0%         3d3       100%        5
 Polar Vortex             Ice            0%         N/A       100%        9
 Summon Small Mammal      Summ           Unusable   N/A       N/A         1
 Call Canine Familiar     Summ           Unusable   N/A       N/A         3
 Summon Guardian Golem    Hex/Summ       Unusable   N/A       N/A         3
 Tukima's Dance           Hex            Unusable   N/A       N/A         3
 Summon Ice Beast         Ice/Summ       Unusable   N/A       N/A         4
 Simulacrum               Ice/Necr       Unusable   N/A       N/A         6

Dungeon Overview and Level Annotations

Branches:
Dungeon (10/15)            Temple (1/1) D:5            Lair (0/5) D:10
    Orc (0/2) D:10          Sewer (visited)

Altars:
Ashenzari
Cheibriados
Dithmenos
Elyvilon
Fedhas
Gozag
Hepliaklqana
Kikubaaqudgha
Makhleb
Nemelex Xobeh
Okawaru
Qazlal
Ru
Sif Muna
Trog
Uskayaw
Vehumet
Wu Jian
Xom
Yredelemnul
Zin
The Shining One

Annotations:
D:8 3 runed translucent doors, Plasmagod's ghost, amateur SpDe


Innate Abilities, Weirdness & Mutations

You are immune to sickness and miasma.
Your stone body is resilient. (AC +8)
You are immune to poison.
You resist negative energy. (rN+)
You are resistant to electric shocks. (rElec)
You are resistant to unholy torment.
You are immune to petrification.
You have a pair of small horns on your head.
Your mind is acute. (Int +4, Str/Dex -1)
You are frail. (-10% HP)
Your natural rate of healing is unusually fast.
You occasionally shout uncontrollably at your foes.
Your muscles are strong. (Str +4, Int/Dex -1)
Your spells are a little easier to cast, but a little less powerful.
You expend magic power (3 MP) to strengthen your wands.


Message History

The orc warrior is almost dead.
The orc warrior hits you with a +0 short sword.
You feel more confident with your borrowed prowess.
The orc warrior hits you but does no damage.
You slice the orc warrior!!
You feel better.
You kill the orc warrior!
Okawaru accepts your kill.
You slash the kobold brigand!
You feel better.
You headbutt the kobold brigand, but do no damage.
The kobold brigand is moderately wounded.
The kobold brigand hits you but does no damage.
You closely miss the kobold brigand. You headbutt the kobold brigand!
The kobold brigand is severely wounded.
The kobold brigand completely misses you.
The kobold brigand hits you but does no damage.
You slash the kobold brigand!
You feel better.
You headbutt the kobold brigand.
You kill the kobold brigand!
Okawaru accepts your kill.
You closely miss the troll. Your headbutt misses the troll.
The troll bites you but does no damage. The troll claws you.
The troll claws you but does no damage.
You hit the troll. Your headbutt misses the troll.
The troll is lightly wounded.
The troll barely misses you. The troll claws you.
The troll claws you but does no damage.
You slash the troll!
You feel better.
The troll is heavily wounded.
The troll bites you. The troll claws you but does no damage.
The troll closely misses you.
You closely miss the troll.
The troll is heavily wounded.
The troll bites you!
* * * LOW HITPOINT WARNING * * *
The troll claws you but does no damage. The troll claws you!
* * * LOW HITPOINT WARNING * * *
You hit the troll but do no damage. Your headbutt misses the troll.
The troll is moderately wounded.
The troll closely misses you. The troll claws you but does no damage.
The troll claws you!
You die...

... #### #.. #### #8..
#'####### #####..## #.).
#.##....# .#......# #..>
#.......# ## )#......# #.oo
#......##..## .+......# 8g.
#.......+...#
.#......#####g###.##...#....+
.##...###....ooT@.##.....P..#
###...###.#########.♣.......#
....................P..♣.....
............[......P.P....P..
.##...######..##......P...P..
.####+##..##..##..P.♣♣...P..P
....................♣P.......
.....................PP>P....
###..###.#######...P....P....


You could see a troll, an orc warrior, a gnoll sergeant and an orc.

Vanquished Creatures
  A two-headed ogre (D:10)
  Maurice (D:8)
  Psyche (D:8)
  2 trolls (D:10)
  12 yaks
  A basilisk (D:10)
  3 wyverns (D:10)
  4 steam dragons
  3 vampire mosquitoes (D:10)
  7 orc warriors
  4 water moccasins (D:10)
  An ice beast (D:6)
  2 sky beasts
  3 ogres
  3 centaurs
  2 phantoms (D:5)
  6 kobold brigands
  2 bullfrogs
  2 gnoll sergeants
  2 scorpions
  13 wights
  2 killer bees
  3 howler monkeys
  3 electric eels (D:7)
  A centaur zombie (D:5)
  4 hounds
  A jelly (D:5)
  10 orc priests
  2 gnoll boudas
  A scorpion zombie (D:5)
  5 iguanas
  5 orc wizards
  4 hound zombies (D:5)
  A howler monkey zombie (D:5)
  12 gnolls
  13 adders
  7 river rats
  2 white imps
  An ufetubus (D:6)
  6 worms
  10 dart slugs
  31 orcs
  15 ball pythons
  9 endoplasms
  3 giant cockroaches
  5 goblins
  4 hobgoblins
  8 jackals
  15 kobolds
  8 quokkas
  14 bats
  6 frilled lizards
  2 rats
288 creatures vanquished.

Vanquished Creatures (others)
  A kobold (D:9)
  8 plants
9 creatures vanquished.

Grand Total: 297 creatures vanquished

Notes
Turn   | Place    | Note
-------+----------+-------------------------------------------
     0 | D:1      | p0werm0de the Gargoyle Chaos Knight began the quest for the
                  | Orb.
     0 | D:1      | Reached XP level 1. HP: 14/14 MP: 1/1
    48 | D:1      | XOM: divination: magic mapping
   124 | D:1      | XOM: confuse monster(s)
   191 | D:1      | Reached XP level 2. HP: 17/19 MP: 2/2
   411 | D:1      | XOM: cloud trail
  1018 | D:2      | Identified the +6 sling of Certain Death {flame, Fly rElec
                  | rN+++ Int-3}
  1041 | D:2      | XOM: 2-stop teleportation journey
  1059 | D:2      | Reached skill level 1 in Evocations
  1059 | D:2      | Reached XP level 3. HP: 14/23 MP: 3/3
  1509 | D:3      | Identified a scroll of acquirement
  1510 | D:3      | Acquired a +2 vampiric battleaxe
  1526 | D:3      | XOM: summons 4 hostile shadow creatures
  1527 | D:3      | XOM: smoke on damage
  1531 | D:3      | Reached XP level 4. HP: 29/29 MP: 4/4
  1572 | D:3      | Found an ornate altar of the Wu Jian Council.
  1834 | D:3      | XOM: 1-stop teleportation journey
  2006 | D:3      | XOM: give mutations
  2006 | D:3      | Gained mutation: You are clumsy. (Dex -2) [Xom's mischief]
  2006 | D:3      | Gained mutation: Your spells are a little easier to cast,
                  | but a little less powerful. [Xom's mischief]
  2006 | D:3      | Gained mutation: You are frail. (-10% HP) [Xom's mischief]
  2006 | D:3      | Gained mutation: You expend magic power (3 MP) to
                  | strengthen your wands. [Xom's mischief]
  2092 | D:3      | Reached skill level 4 in Fighting
  2192 | D:3      | Reached skill level 1 in Shields
  2368 | D:3      | Reached XP level 5. HP: 26/29 MP: 5/5
  2625 | D:4      | Reached XP level 6. HP: 35/35 MP: 6/6
  3080 | D:4      | Reached XP level 7. HP: 28/39 MP: 7/7
  3266 | D:5      | Entered Level 5 of the Dungeon
  3298 | D:5      | Reached skill level 5 in Fighting
  3404 | D:5      | XOM: 8-stop teleportation journey
  3586 | D:5      | Found a glowing drain.
  3593 | Sewer    | Entered a sewer
  3739 | Sewer    | XOM: 2-stop teleportation journey
  3741 | Sewer    | XOM: 1-stop teleportation journey
  3791 | Sewer    | Reached XP level 8. HP: 45/45 MP: 8/8
  3980 | Sewer    | Reached skill level 5 in Armour
  4100 | D:5      | XOM: god gift: scroll labelled TUCHULL ZIDD {god gift}
  4140 | D:5      | XOM: scenery: create altars
  4166 | D:5      | XOM: 2-stop teleportation journey
  4248 | D:5      | Found a staircase to the Ecumenical Temple.
  4256 | Temple   | Entered the Ecumenical Temple
  4260 | Temple   | Fell from the grace of Xom
  4260 | Temple   | Became a worshipper of Warmaster Okawaru
  4291 | D:5      | Found a hazy altar of Hepliaklqana.
  4455 | D:5      | XOM: give mutations
  4455 | D:5      | Gained mutation: You have a pair of small horns on your
                  | head. [Xom's grace]
  4455 | D:5      | Gained mutation: Your natural rate of healing is unusually
                  | fast. [Xom's grace]
  4455 | D:5      | Gained mutation: Your muscles are strong. (Str +4, Int/Dex
                  | -1) [Xom's grace]
  4455 | D:5      | Gained mutation: Your mind is acute. (Int +4, Str/Dex -1)
                  | [Xom's grace]
  4562 | D:5      | Reached skill level 1 in Invocations
  4936 | D:6      | Reached skill level 6 in Fighting
  5019 | D:6      | XOM: give mutations
  5019 | D:6      | Gained mutation: You occasionally shout uncontrollably at
                  | your foes. [Xom's mischief]
  5019 | D:6      | Gained mutation: You occasionally lose the ability to read
                  | scrolls when taking damage. [Xom's mischief]
  5019 | D:6      | Lost mutation: You are clumsy. (Dex -2) [Xom's mischief]
  5019 | D:6      | Lost mutation: You occasionally lose the ability to read
                  | scrolls when taking damage. [Xom's mischief]
  5051 | D:6      | Reached skill level 5 in Axes
  5485 | D:6      | Reached * piety under Okawaru
  5486 | D:6      | Reached XP level 9. HP: 24/49 MP: 10/10
  5613 | D:7      | Learned a level 1 spell: Apportation
  5687 | D:7      | Reached skill level 5 in Shields
  6347 | D:8      | XOM: enchant monster (bad)
  6353 | D:8      | Reached ** piety under Okawaru
  6358 | D:8      | Reached skill level 7 in Fighting
  6382 | D:8      | Reached skill level 5 in Evocations
  6459 | D:8      | Reached XP level 10. HP: 56/56 MP: 13/13
  6556 | D:8      | Noticed Psyche
  6571 | D:8      | Killed Psyche
  6581 | D:8      | Reached skill level 5 in Invocations
  6619 | D:8      | Reached *** piety under Okawaru
  6709 | D:8      | Noticed Maurice
  6731 | D:8      | Killed Maurice
  6758 | D:8      | Found a burning altar of Makhleb.
  7129 | D:8      | Found a runed translucent gate.
  7132 | D:8      | Found a runed translucent gate.
  7133 | D:8      | Found a runed translucent gate.
  7135 | D:8      | Noticed Plasmagod's ghost (amateur SpDe)
  7203 | D:9      | Found an opulent altar of Gozag.
  7315 | D:9      | Reached skill level 8 in Fighting
  7672 | D:9      | Found a hide-covered altar of Uskayaw.
  7733 | D:10     | Entered Level 10 of the Dungeon
  7733 | D:10     | Found a staircase to the Lair.
  7739 | D:10     | Reached **** piety under Okawaru
  7746 | D:10     | Reached XP level 11. HP: 62/62 MP: 13/15
  7900 | D:10     | Reached ***** piety under Okawaru
  7951 | D:10     | Noticed a two-headed ogre
  7960 | D:10     | Killed a two-headed ogre
  8026 | D:10     | Found a staircase to the Orcish Mines.
  8055 | D:10     | Reached skill level 9 in Fighting
  8076 | D:10     | Slain by a troll

Illustrated notes

Levels and vault maps discovered:
D:1:      minmay_arrival_shattered_statue, layout_basic, minmay_tromino_v4_b
D:2:      layout_basic, chequers_ecumenical_altar_twisty
D:3:      kennysheep_six_static_rooms, layout_rooms, nzn_wu_jian_council_hall,
          minivault_24, nicolae_titane
D:4:      layout_loops_ring
D:5:      layout_layer_cave, mainiacjoe_overflow_24_doors, temple_fountains,
          portal_sewer_entry_b, serial_undead, serial_undead_e, serial_undead_c,
          serial_undead_e, serial_undead_d, minmay_misc_feat_secret_circle,
          minmay_fractal_squares_gapless_5
D:6:      layout_gridville
D:7:      layout_basic, serial_bayou, serial_bayou_crossing,
          serial_bayou_pond_c, serial_bayou_shore_b, serial_bayou_shore_a,
          minmay_manual_mullet
D:8:      layout_loops_cross, mainiacjoe_overflow_alcove_2,
          gammafunk_ghost_nasty_kobolds, uniq_psyche, uniq_maurice
D:9:      layout_rooms, marbit_many_paths, grunt_gozag_statues
D:10:     layout_gridville, minmay_lair_entry_grove,
          kennysheep_orc_monster_closet_entryway, serial_shops,
          nicolae_shop_behind_doors, uniq_lodul
Temple:   sentei_temple_godly_chess

Skill      XL: |  1  2  3  4  5  6  7  8  9 10 11 |
---------------+----------------------------------+-----
Axes           | 3 4 5 6 7 |  7.4
Evocations     | 1 2 3 4 5 6 |  6.6
Armour         | 3 4 5 6 7 8 |  8.5
Fighting       | 4 5 6 7 8 9 |  9.0
Shields        | 1 2 3 4 6 7 |  7.9
Invocations    | 2 4 6 |  6.8
Dodging        | |  0.7

Action                   |  1- 3 |  4- 6 |  7- 9 | 10-12 || total
-------------------------+-------+-------+-------+-------++-------
Melee: Hand axe          |    42 |       |       |       ||    42
       Battleaxe         |     7 |   173 |   413 |   255 ||   848
       Headbutt          |       |       |    21 |    43 ||    64
 Fire: Sling             |    33 |       |       |       ||    33
Invok: Heroism           |       |       |     3 |    18 ||    21
Evoke: Wand              |       |       |       |     2 ||     2
  Use: Scroll            |    10 |     1 |     5 |     1 ||    17
       Potion            |       |     1 |       |       ||     1
 Stab: Petrified         |     3 |       |       |       ||     3
       Paralysed         |     1 |       |       |       ||     1
Armor: Leather armour    |    54 |    51 |       |       ||   105
       Plate armour      |       |   138 |   506 |   271 ||   915
Dodge: Dodged            |    57 |    71 |   203 |   174 ||   505
